[Event "Polish University-ch Open 2024"]
[Site "Lublin"]
[Date "2024.02.23"]
[Round "1.1"]
[White "Kosakowski, Jakub"]
[Black "Charles, Cleophas"]
[Result "1-0"]
[ECO "B08"]
[WhiteElo "2482"]
[BlackElo "1500"]
[Annotator "TA"]
[PlyCount "63"]
[EventDate "2024.02.22"]
[EventType "swiss"]
[EventCountry "POL"]
[SourceTitle "playchess.com"]
[Source "ChessBase"]
[SourceQuality "1"]
[TimeControl "600+3"]

1. Nf3 d6 2. e4 Nf6 3. Nc3 g6 4. d4 Bg7 5. Be2 c6 6. a4 Nbd7 7. O-O O-O 8. h3 e5 9. dxe5 Nxe5 10. Bf4 Qc7 11. Qd2 {[%emt 0:00:07] White is slightly better.} Nh5 12. Bh2 Nf6 13. Rad1 Ne8 14. Nd4 f5 15. exf5 {[%emt 0:00:21] White is more active.} Bxf5 16. Nxf5 Rxf5 (16... gxf5 $14 17. Rfe1 Qf7) 17. Kh1 Rd8 (17... Rf8 $142) 18. f4 $16 Nd7 (18... Nf7 $16 19. Bd3 Rh5) 19. b3 (19. Bd3 $18) 19... Nc5 (19... Qa5 $1 $14 20. Ne4 Qxd2 21. Rxd2 (21. Nxd2 Rf7 $14) 21... d5) 20. Bg4 ({White should try} 20. b4 $16 Bxc3 21. Qxc3) 20... Rf8 (20... Qa5 $1 $11 21. Nb1 (21. Bxf5 Bxc3 $17) 21... Qxd2 22. Nxd2 Rf8) 21. b4 $36 {[%emt 0:00:26][%mdl 2048] White is in control.} Bxc3 (21... Nd7 $16 {was called for.} 22. Be6+ Kh8) 22. Qxc3 $18 Ne4 {[%emt 0:00:06] [#]} (22... h5 23. Bf3 (23. bxc5 hxg4 24. hxg4 Qe7 $18) (23. Bxh5 Ne4 $18) 23... Ne6) 23. Be6+ Rf7 24. Qe3 (24. Bxf7+ Qxf7 25. Qd4 N8f6 $18) 24... d5 (24... N8f6 $142 25. f5 (25. Bxf7+ Qxf7 26. Qxa7 Rd7 $18) (25. Qxa7 Kf8 $18) 25... Qe7 26. fxg6 (26. Bxf7+ Kxf7 27. fxg6+ Kxg6 $18) (26. Qxa7 g5 $18) 26... hxg6) 25. f5 Qe7 26. fxg6 N8f6 27. gxf7+ Kg7 28. Bf5 Kxf7 29. Bxe4 dxe4 30. Rxd8 {[%emt 0:00:04] White mates.} Qxd8 31. Be5 Qe7 32. Qxe4 {[%emt 0:00:03] Weighted Error Value: White=0.21 (precise) /Black=1.16.  Mistake:       	White=2     	Black=8      Inaccurate:     	White=1     	Black=1      OK:         	White=6     	Black=2      Best:        	White=3     	Black=1} 1-0

[Event "Polish University-ch Open 2024"]
[Site "Lublin"]
[Date "2024.02.23"]
[Round "1.2"]
[White "Mosny, Pawel"]
[Black "Janik, Igor"]
[Result "0-1"]
[ECO "A46"]
[WhiteElo "1549"]
[BlackElo "2499"]
[Annotator "TA"]
[PlyCount "78"]
[EventDate "2024.02.22"]
[EventType "swiss"]
[EventCountry "POL"]
[SourceTitle "playchess.com"]
[Source "ChessBase"]
[SourceQuality "1"]
[TimeControl "600+3"]

1. d4 d6 2. Bf4 Nf6 3. e3 Nbd7 4. Nf3 Nh5 5. Bg5 h6 6. Bh4 g5 7. Bg3 Bg7 8. Nbd2 {[%emt 0:00:58] The position is equal.} e6 9. Be2 Qe7 10. Rc1 Nxg3 11. hxg3 b6 12. a3 Bb7 13. c4 c5 14. O-O O-O (14... h5 $17 {...0-0-0 would now be deadly.} 15. Bd3 g4) 15. b4 a5 16. Qb3 Rfb8 17. Rfd1 axb4 18. axb4 g4 19. Ne1 h5 20. Nf1 f5 21. d5 e5 22. Ra1 e4 23. Rxa8 Rxa8 24. Rb1 Ra6 {[%emt 0:00:06] Black is more active.} 25. Nc2 Bc8 26. Na3 cxb4 27. Qxb4 Nc5 {[%emt 0:00:01] [#] Hoping for ...Ra4.} 28. Nb5 Be5 29. Nd2 $2 {[%emt 0:00:07][%mdl 8192] Now White is beyond hope.} (29. Qd2 $15) 29... Ra4 $19 30. Qxa4 Nxa4 31. Nb3 Bd7 {[%emt 0:00:03] White must now prevent ...h4.} 32. N3d4 Bxb5 33. Nxb5 h4 34. Bd1 {[%emt 0:00:17] [#]} hxg3 $1 35. Bxa4 Qh4 36. Rd1 Qh2+ 37. Kf1 Qh1+ 38. Ke2 Qxg2 39. Nc7 Qxf2# {[%emt 0:00:32] Weighted Error Value: White=0.84/Black=0.40.  Loses game:     	White=1     	---        Mistake:       	---       	Black=1      Inaccurate:     	White=4     	Black=1      OK:         	White=7     	Black=7      Best:        	---       	Black=1} 0-1

[Event "Polish University-ch Open 2024"]
[Site "Lublin"]
[Date "2024.02.23"]
[Round "1.3"]
[White "Szpar, Milosz"]
[Black "Adamowicz, Michal"]
[Result "1-0"]
[ECO "A34"]
[WhiteElo "2495"]
[BlackElo "1566"]
[Annotator "RC"]
[PlyCount "52"]
[EventDate "2024.02.22"]
[EventType "swiss"]
[EventCountry "POL"]
[SourceTitle "playchess.com"]
[Source "ChessBase"]
[SourceQuality "1"]
[TimeControl "600+3"]

1. Nf3 Nf6 2. c4 c5 3. Nc3 Nc6 4. e3 d5 5. cxd5 Nxd5 6. Bb5 Ndb4 7. d4 cxd4 8. exd4 a6 9. Ba4 b5 10. Bb3 Na5 11. O-O e6 12. Bg5 Be7 13. Bxe7 Qxe7 14. a3 Nxb3 15. Qxb3 Nc6 16. d5 Na5 17. Qb4 Nb7 18. Rfd1 Qxb4 19. axb4 Rb8 20. Rxa6 O-O 21. d6 Bd7 22. Ne5 Rfd8 23. Ne4 f6 24. Nxd7 Rxd7 25. Nc5 Rdd8 26. Rb6 Nxc5 1-0

[Event "Polish University-ch Open 2024"]
[Site "Lublin"]
[Date "2024.02.23"]
[Round "1.4"]
[White "Malek, Szymon"]
[Black "Psyk, Radoslaw"]
[Result "0-1"]
[ECO "B03"]
[WhiteElo "1604"]
[BlackElo "2461"]
[Annotator "TA"]
[PlyCount "88"]
[EventDate "2024.02.22"]
[EventType "swiss"]
[EventCountry "POL"]
[SourceTitle "playchess.com"]
[Source "ChessBase"]
[SourceQuality "1"]
[TimeControl "600+3"]

1. e4 Nf6 2. e5 Nd5 3. c4 Nb6 4. d4 d6 5. exd6 exd6 6. Nc3 Be7 7. Be3 O-O 8. Bd3 Re8 9. Nge2 Na6 10. a3 {[%emt 0:00:06] Prevents Nb4. White is slightly better.} c6 11. Qc2 g6 12. O-O Nc7 13. Rae1 d5 14. cxd5 Ncxd5 15. Bd2 Bf6 16. Ne4 Bg7 17. Bc3 (17. Bg5 $11 Qc7 18. Kh1) 17... Bg4 18. h3 Bxe2 19. Bxe2 Qh4 20. Bf3 Re7 21. Nc5 (21. Bd2 $5 h6 $8 22. Kh2 $14) 21... Rae8 22. Rxe7 Rxe7 23. Qd2 Nc4 {[%emt 0:01:24] A dynamic duo of knights.} 24. Qd3 Nd6 25. Bxd5 cxd5 26. Qf3 Qg5 (26... Bxd4 $2 {too greedy.} 27. g3 (27. Qxd5 Bxc3 28. Qxd6 Bd4 $11) 27... Bxf2+ 28. Rxf2 $18) 27. Qd3 b6 28. Nb3 Nf5 (28... Qf5 {simplifies} 29. Qxf5 Nxf5 30. Rd1 Rc7) 29. Nd2 Nh4 {[%emt 0:00:33][%csl Gh4][%cal Rg5g2] [#]} 30. g3 Nf5 (30... Qf5 $15 {stays ahead.} 31. Qxf5 Nxf5) 31. Kh2 (31. Nf3 $16 Qf6 32. Qb5) 31... h5 {[%emt 0:00:02][%cal Bh7h5,Bh5h4][%mdl 32] ...h4 would now be deadly.} 32. Nf3 Qf6 33. Ne5 h4 34. g4 (34. Kg2 $11) 34... Nd6 (34... Nxd4 $1 $17 35. f4 Nc6 (35... Ne6 $2 36. Nd7 $18) 36. Qxd5 Nxe5 37. Bxe5 Qe6 38. Qxe6 Rxe6 39. Bxg7 Re2+ (39... Kxg7 40. Kg2 $11) 40. Kg1 Kxg7) 35. f4 Ne4 36. Be1 Rc7 37. g5 {[%emt 0:00:06] This move loses the game for White.} (37. Kg2 $15) 37... Qf5 $19 {[%emt 0:00:20] [#] Threatens to win with ...Bxe5.} 38. Bxh4 Qc8 {[%emt 0:00:04] Strongly threatening ...Rc2+.} 39. Kh1 (39. Rg1 $17) 39... Rc2 40. Be1 Rxb2 41. Qf3 $2 (41. a4 {is more resistant.}) 41... Qc2 42. Bg3 {[%emt 0:00:03] Dodges Qh2+} Rb3 43. Qg2 Nxg3+ 44. Kh2 Nxf1+ {[%emt 0:00:02] Weighted Error Value: White=0.85/Black=0.19 (very precise) .  Mistake:       	White=6     	Black=2      Inaccurate:     	White=4     	Black=1      OK:         	White=7     	Black=11     Best:        	---       	Black=2} 0-1

[Event "Polish University-ch Open 2024"]
[Site "Lublin"]
[Date "2024.02.23"]
[Round "1.5"]
[White "Niedbala, Bartlomiej"]
[Black "Kabzinski, Jan"]
[Result "1-0"]
[ECO "B66"]
[WhiteElo "2382"]
[BlackElo "1635"]
[Annotator "TA"]
[PlyCount "73"]
[EventDate "2024.02.22"]
[EventType "swiss"]
[EventCountry "POL"]
[SourceTitle "playchess.com"]
[Source "ChessBase"]
[SourceQuality "1"]
[TimeControl "600+3"]

1. e4 c5 2. Nf3 Nc6 3. d4 cxd4 4. Nxd4 Nf6 5. Nc3 d6 6. Bg5 e6 7. Qd2 a6 8. O-O-O Bd7 9. Kb1 h6 10. Be3 b5 11. Nxc6 Bxc6 12. f3 Qc7 13. Bd3 Be7 14. Ne2 Nd7 {[%emt 0:09:54] White has an edge.} 15. Nd4 Bb7 16. g4 Ne5 17. h4 h5 18. g5 g6 19. Rhf1 (19. f4 $142 Nxd3 20. cxd3) 19... Nc4 (19... d5 $11) 20. Bxc4 $14 Qxc4 21. b3 ({White should play} 21. Nb3 $16) 21... Qc7 $11 22. Qd3 Rc8 23. Bc1 b4 24. Bb2 {[%emt 0:00:07][%cal Od4e6] Strongly threatening Nxe6!} O-O (24... e5 $11) 25. Rd2 (25. Nxe6 $16 fxe6 26. e5 Qxc2+ 27. Qxc2 Rxc2 28. Kxc2 Bxf3 29. Rxf3 Rxf3 30. exd6 Rf2+ 31. Kc1) 25... Qb6 26. f4 $1 d5 (26... e5 $11 27. Ne2 a5) 27. exd5 $16 Bxd5 28. f5 Rc3 $2 {[%emt 0:00:00][%mdl 8192] A mistake that costs the game.} (28... e5 $16) 29. Bxc3 $18 bxc3 30. Rdf2 (30. Qxc3 Bb4 31. Qd3 exf5 (31... gxf5 $2 {is the wrong capture.} 32. Re2 $18) 32. Nxf5 gxf5 33. Qxd5 Bxd2 34. Qxd2 Rd8 $18) 30... Bc5 $2 (30... e5 31. Ne2 Rd8) 31. fxg6 Bxd4 32. gxf7+ (32. Rxf7 $142 Bc5 33. Qxc3) 32... Kg7 33. Rf4 Be5 {[%emt 0:00:02][%cal Ob6c5] [#]} 34. Rf6 $1 Bxf6 35. gxf6+ Kxf7 36. Qh7+ Ke8 37. Qe7# {[%emt 0:00:01] Weighted Error Value: White=0.43/Black=0.70.  Loses game:     	---       	Black=1      Mistake:       	White=3     	Black=4      Inaccurate:     	White=2     	Black=6      OK:         	White=5     	Black=3      Best:        	White=4     	Black=1      Strong:       	White=1     	---} 1-0

[Event "Polish University-ch Open 2024"]
[Site "Lublin"]
[Date "2024.02.23"]
[Round "1.6"]
[White "Drobka, Marcin"]
[Black "Baum, Jonasz"]
[Result "0-1"]
[ECO "B90"]
[WhiteElo "1643"]
[BlackElo "2400"]
[Annotator "TA"]
[PlyCount "68"]
[EventDate "2024.02.22"]
[EventType "swiss"]
[EventCountry "POL"]
[SourceTitle "playchess.com"]
[Source "ChessBase"]
[SourceQuality "1"]
[TimeControl "600+3"]

1. e4 c5 2. Nf3 d6 3. d4 cxd4 4. Nxd4 Nf6 5. Nc3 a6 6. a3 e5 7. Nf3 Be7 8. Bc4 O-O {[%emt 0:00:13] The position is equal.} 9. O-O b5 10. Bd5 Nxd5 11. Nxd5 Bb7 12. Be3 Nd7 13. Qd3 Rc8 14. Rad1 Bxd5 15. exd5 (15. Qxd5 $11 Rxc2 16. Rb1) 15... f5 $17 {[%emt 0:00:10] White is on the road to losing.} 16. Qb3 (16. Ne1 $17) 16... f4 $19 17. Bd2 Nc5 18. Qa2 Bf6 {[%emt 0:00:05] ...e4 is the strong threat.} 19. Bc3 $2 (19. Ne1 {was called for.}) 19... Na4 {[%emt 0:00:11] ...Rxc3 would now be deadly.} 20. Bxe5 $2 (20. Qb1) 20... dxe5 ({Don't do} 20... Bxe5 21. c3 $19) 21. d6+ Kh8 22. Rfe1 Rxc2 {[%emt 0:00:22] Black is clearly winning.} 23. Nxe5 Bxe5 (23... Nxb2 $2 24. Nf7+ Rxf7 25. Qxf7 $18) 24. Rxe5 {[%emt 0:00:02] [#]} Qxd6 $3 25. Red5 (25. Qd5 Qxd5) 25... Qb6 26. R5d2 Rxd2 27. Rxd2 Qc5 28. Rd1 {[%emt 0:01:15] Dodges Qc1} f3 29. gxf3 Qg5+ 30. Kh1 Qf5 31. Qb3 h6 {[%emt 0:00:02][%cal Oa4b2] Threatens to win with ...Nxb2!} (31... Qxf3+ $2 {perishes.} 32. Qxf3 Kg8 33. Qd5+ Kh8 34. b3 $18) 32. Kg2 {[%emt 0:00:16] [#]} Nxb2 $1 33. Rd5 (33. Rd4 Nc4) 33... Qg6+ 34. Kf1 Nc4 {[%emt 0:00:04] Weighted Error Value: White=0.53/Black=0.15 (very precise) .  Mistake:       	White=4     	---        Inaccurate:     	White=2     	Black=1      OK:         	White=3     	Black=14     Best:        	---       	Black=1} 0-1

[Event "Polish University-ch Open 2024"]
[Site "Lublin"]
[Date "2024.02.23"]
[Round "1.7"]
[White "Mis, Mieszko"]
[Black "Daniszewski, Kacper"]
[Result "1-0"]
[ECO "A07"]
[WhiteElo "2325"]
[BlackElo "1413"]
[Annotator "TA"]
[PlyCount "61"]
[EventDate "2024.02.22"]
[EventType "swiss"]
[EventCountry "POL"]
[SourceTitle "playchess.com"]
[Source "ChessBase"]
[SourceQuality "1"]
[TimeControl "600+3"]

1. Nf3 e6 2. g3 Nf6 3. Bg2 d5 4. O-O Bd6 5. d3 O-O 6. Nbd2 Nbd7 7. e4 dxe4 8. dxe4 {[%emt 0:00:02] The position is equal.} Bc5 {[%emt 0:00:13] [#]} (8... Re8 $11) 9. c3 (9. e5 $1 $16 Nd5 10. Ne4) 9... a6 (9... e5 $14) 10. Qc2 h6 11. e5 Ng4 (11... Nd5 $16) 12. Qe4 f5 {[%emt 0:00:36] [#]} 13. exf6 (13. Qe2 $1 $18 {has better winning chances.}) 13... Ndxf6 $16 14. Qe2 Nd5 (14... e5 $16 {was worth a try.}) 15. Ne4 $18 Ba7 16. Bd2 Ngf6 17. Rad1 ({Better is} 17. Ne5 $18) 17... Nxe4 $16 18. Qxe4 {[%emt 0:00:00][%cal Od2h6] Hoping for Bxh6!} Qe7 (18... Nf6 $16 19. Qe1 Qe7) 19. Ne5 {[%emt 0:00:00] Black must now prevent Ng6.} Nf6 20. Qe2 {[%emt 0:00:00] And now Ng6 would win.} Qc5 (20... Qe8 {was necessary.} 21. b3 a5) 21. b4 $18 Qb5 22. c4 Qe8 23. Be3 Qh5 24. Qxh5 Nxh5 25. Bxa7 Rxa7 26. Ng6 {[%emt 0:00:00] Against Nf6} Re8 27. Rfe1 b5 $2 (27... Kh7) 28. c5 $2 (28. Bc6 Kf7 29. Ne5+ (29. Bxe8+ Kxe8 30. cxb5 axb5 $18) (29. cxb5 axb5 30. Ne5+ Kf8 $18) 29... Kf8 30. cxb5 (30. Bxe8 Kxe8 31. Nc6 Ra8 $18) 30... axb5 31. Bxe8 (31. Bxb5 Rxa2 32. Bxe8 Kxe8 $18) 31... Kxe8 32. Nc6) 28... a5 $2 (28... Bb7 29. c6 Bc8) 29. Bc6 {[%emt 0:00:00][%csl LRb5,LRe8] White is clearly winning.} Rf8 30. Nxf8 {[%emt 0:00:00] Strongly threatening Rd8.} Kxf8 31. Rd8+ {[%emt 0:00:00] Weighted Error Value: White=0.42/Black=0.36.  Mistake:       	White=4     	Black=8      Inaccurate:     	White=1     	Black=3      OK:         	White=8     	Black=4      Best:        	White=1     	---} 1-0

[Event "Polish University-ch Open 2024"]
[Site "Lublin"]
[Date "2024.02.23"]
[Round "1.8"]
[White "Zielinski, Sebastian"]
[Black "Kowalski, Igor"]
[Result "0-1"]
[ECO "B15"]
[WhiteElo "1607"]
[BlackElo "2372"]
[Annotator "TA"]
[PlyCount "70"]
[EventDate "2024.02.22"]
[EventType "swiss"]
[EventCountry "POL"]
[SourceTitle "playchess.com"]
[Source "ChessBase"]
[SourceQuality "1"]
[TimeControl "600+3"]

1. e4 g6 2. Nc3 Bg7 3. f4 c6 4. Nf3 d5 5. e5 Nh6 6. d4 Bg4 7. Be2 Nf5 8. O-O e6 {[%emt 0:00:08] The position is equal.} 9. h3 Bxf3 10. Bxf3 h5 (10... Qb6 {should be considered.}) 11. Na4 Nd7 12. b3 (12. Nc3 $11) 12... b5 (12... f6 $5) 13. Nc5 ({Better is} 13. Nc3 $15) 13... Nxc5 $17 14. dxc5 Qa5 (14... Qe7 $142 15. b4 a5) 15. Qd3 b4 (15... Bf8 $142 16. Bd2 (16. Be3 $2 Nxe3 17. Qxe3 b4 $17) 16... Bxc5+ 17. Kh2 Qb6) 16. Be3 (16. a3 $142) 16... Nxe3 17. Qxe3 Bf8 18. Qd3 Qxc5+ 19. Kh1 a5 20. g4 (20. Rab1 $17) 20... hxg4 $19 21. Bxg4 a4 22. Kg2 Be7 23. Bf3 Qc3 (23... Rh4 $19 24. Bg4 Qb6) 24. Rfb1 (24. Qxc3 $17 {was called for.} bxc3 25. Rab1) 24... O-O (24... Qxd3 $19 25. cxd3 Bc5) 25. Qxc3 $17 bxc3 26. b4 (26. Rh1 $17) 26... Rab8 27. a3 c5 $36 {[%emt 0:00:02][%mdl 2048] Black has strong initiative.} 28. Be2 Rfc8 (28... cxb4 $19 {Threatens to win with ...b3.} 29. axb4 Ra8 (29... Rxb4 30. Rxb4 Bxb4 31. Rxa4 $17) (29... Bxb4 $2 30. Rxa4 Bc5 31. Rh1 $19)) 29. Kf3 Rb6 {[%emt 0:00:10] Strongly threatening ...Rcb8.} 30. bxc5 Rxb1 (30... Bxc5 31. Rxb6 Bxb6 32. Bb5 $19) 31. Rxb1 Bxc5 {[%emt 0:00:01] KRB-KRB} ({Much worse is} 31... Rxc5 $6 32. Rb8+ Bf8 33. Ra8 $11) 32. Rb7 $2 {[%emt 0:00:07][%mdl 8192] Now White is beyond hope.} (32. Kg4 $17 {keeps fighting.}) 32... Ra8 $1 $19 (32... Bxa3 $2 33. Ra7 $19) 33. Rc7 $2 (33. Bb5) 33... Bxa3 {[%emt 0:00:02] [#] ...Bb2 would now be deadly. Black is clearly winning.} 34. Rxc3 Bb2 35. Rc6 a3 {[%emt 0:00:02] Weighted Error Value: White=0.74/Black=0.25 (precise) .  Loses game:     	White=1     	---        Mistake:       	White=7     	Black=6      Inaccurate:     	White=3     	Black=1      OK:         	White=4     	Black=8      Best:        	White=2     	Black=3      Strong:       	---       	Black=1} 0-1

[Event "Polish University-ch Open 2024"]
[Site "Lublin"]
[Date "2024.02.23"]
[Round "1.9"]
[White "Szustakowski, Antoni"]
[Black "Marciniak, Piotr"]
[Result "1-0"]
[ECO "E08"]
[WhiteElo "2354"]
[BlackElo "1305"]
[Annotator "TA"]
[PlyCount "57"]
[EventDate "2024.02.22"]
[EventType "swiss"]
[EventCountry "POL"]
[SourceTitle "playchess.com"]
[Source "ChessBase"]
[SourceQuality "1"]
[TimeControl "600+3"]

1. Nf3 d5 2. g3 Nf6 3. Bg2 e6 4. O-O Be7 5. c4 c6 6. b3 O-O 7. Bb2 Nbd7 8. Nc3 b6 9. d4 Bb7 10. Qc2 dxc4 (10... Qc7 $11) 11. bxc4 $14 c5 {[%emt 0:00:17] [#]} 12. d5 exd5 {[%emt 0:00:27] White is better.} 13. cxd5 Bd6 14. e4 Re8 15. Rfe1 (15. a4 $16) 15... Ne5 (15... c4 $1 $14) 16. Nb5 $18 {[%emt 0:00:32] Black must now prevent Nxd6.} Nxf3+ 17. Bxf3 Be5 18. Bxe5 Rxe5 19. Qb2 Re8 (19... Re7 $16) 20. Rad1 $2 (20. e5 $1 $18 ) 20... a6 $14 21. Na3 {[%emt 0:00:44] White is much more active.} b5 {[%emt 0:00:22] Dodges Nc4} 22. e5 Nd7 (22... Nxd5 $2 {is the wrong capture.} 23. Nc4 $18) (22... Bxd5 $2 {perishes.} 23. Nc2 (23. exf6 $2 Rxe1+ 24. Rxe1 Bxf3 $19) 23... Qb8 24. Bxd5 $18) 23. Bg2 $36 {[%emt 0:00:51][%mdl 2048] White has good play.} Qb6 $2 {[%emt 0:00:28] [#]} ({Better is} 23... Rb8 $14) 24. Rb1 $2 (24. e6 $1 $18 Nf6 25. Nc4) 24... Qa5 $2 {[%emt 0:00:29][%mdl 8192] [#]} (24... Rad8 $11) 25. Nc4 $1 $18 bxc4 (25... Qc7 26. Nd6 Nf8 27. Nxe8 Rxe8) 26. Qxb7 {[%emt 0:00:01] White is clearly winning.} Rad8 27. e6 {[%emt 0:00:12] Hoping for e7.} fxe6 28. dxe6 {[%emt 0:00:01] And now e7 would win.} Nf6 29. Qf7+ {[%emt 0:00:08] Weighted Error Value: White=0.48/Black=0.97.  Loses game:     	---       	Black=3      Missed win:     	White=2     	---        Mistake:       	White=1     	Black=2      Inaccurate:     	---       	Black=1      OK:         	White=6     	Black=5      Best:        	White=1     	Black=3      Strong:       	White=1     	---        Brilliant:      	White=1     	---} 1-0

[Event "Polish University-ch Open 2024"]
[Site "Lublin"]
[Date "2024.02.23"]
[Round "1.10"]
[White "Wolpiuk, Bartlomiej"]
[Black "Molenda, Marcin"]
[Result "0-1"]
[ECO "B43"]
[WhiteElo "1319"]
[BlackElo "2377"]
[Annotator "TA"]
[PlyCount "86"]
[EventDate "2024.02.22"]
[EventType "swiss"]
[EventCountry "POL"]
[SourceTitle "playchess.com"]
[Source "ChessBase"]
[SourceQuality "1"]
[TimeControl "600+3"]

1. e4 c5 2. Nf3 e6 3. d4 cxd4 4. Nxd4 a6 5. Nc3 Qc7 6. Bd3 Nf6 7. O-O d6 8. Kh1 Nbd7 9. Qe2 Be7 10. Bg5 O-O {[%emt 0:01:44] The position is equal.} 11. f4 Re8 12. Rae1 {[%emt 0:00:42] e5 is the strong threat.} h6 $1 13. e5 ({White should try} 13. Bh4 $14) 13... dxe5 $11 14. fxe5 (14. Nxe6 $1 $11 fxe6 15. Bxf6 Bxf6 (15... Nxf6 $2 {too greedy.} 16. fxe5 Rf8 17. exf6 $18) 16. Qe4) 14... Qxe5 $17 ({Of course not} 14... hxg5 $6 15. exf6 Nxf6 16. Nf3 $11) 15. Qxe5 Nxe5 16. Rxe5 hxg5 17. Rxg5 Bd7 18. Rg3 Rac8 19. Ne4 Nxe4 20. Bxe4 Rc7 21. c3 f5 22. Bc2 Bf6 {[%emt 0:01:26] [#] Hoping for ...Bxd4.} 23. Rd3 (23. Bb3 $15) 23... g6 24. Bb3 Kg7 25. Rfd1 Bc8 26. Kg1 e5 27. Ne2 e4 28. Rd6 Be7 29. R6d5 Be6 30. R5d4 $2 {[%emt 0:00:01] Loses the game.} (30. R5d2 $17) 30... Bc5 $19 31. Bxe6 Rxe6 32. Kf1 Bxd4 33. Nxd4 {[%emt 0:00:01][%mdl 4096] Endgame. KRR-KRN} Ree7 34. Ke2 Kf6 35. g3 Ke5 36. Ke3 (36. Rf1 $142) 36... g5 {[%emt 0:00:04] Threatens to win with ...Rh7. Black is clearly winning.} 37. Rf1 Rf7 {[%emt 0:00:01] ...f4+ would now be deadly.} 38. Ne2 Rcd7 {[%emt 0:00:02][%cal Of5f4] [#] And now ...f4+! would win.} 39. Nd4 f4+ 40. gxf4+ gxf4+ 41. Ke2 Rh7 42. Rf2 Rh3 {[%emt 0:00:07] aiming for ...e3.} 43. a4 Rdh7 {[%emt 0:00:05] Weighted Error Value: White=0.82/Black=0.30.  Loses game:     	White=1     	---        Mistake:       	White=4     	---        Inaccurate:     	White=4     	Black=2      OK:         	White=9     	Black=14     Best:        	White=1     	Black=2      Strong:       	---       	Black=1} 0-1

[Event "Polish University-ch Open 2024"]
[Site "Lublin"]
[Date "2024.02.23"]
[Round "1.11"]
[White "Nowak, Mikolaj"]
[Black "Drozdzal, Michal"]
[Result "1-0"]
[ECO "D30"]
[WhiteElo "2317"]
[BlackElo "1557"]
[Annotator "TA"]
[PlyCount "65"]
[EventDate "2024.02.22"]
[EventType "swiss"]
[EventCountry "POL"]
[SourceTitle "playchess.com"]
[Source "ChessBase"]
[SourceQuality "1"]
[TimeControl "600+3"]

1. d4 Nf6 2. Nf3 e6 3. c4 d5 4. Nbd2 c5 5. cxd5 exd5 6. g3 Nc6 7. Bg2 Bf5 8. O-O {[%emt 0:00:08] The position is equal.} Be7 9. dxc5 Bxc5 10. Nb3 Bb6 11. Nfd4 Be4 12. f3 (12. Bg5 $11) 12... Bg6 $15 13. Be3 O-O 14. Bf2 Re8 15. Rc1 Rc8 16. Qd2 Qd6 17. Kh1 Ne5 18. Nb5 Qd7 (18... Qe6 $15 19. Rxc8 (19. Nxa7 $2 Rxc1 20. Qxc1 Bxf2 $19) 19... Rxc8) 19. Bxb6 (19. Nxa7 $2 Rxc1 20. Qxc1 Bxf2 21. Rxf2 b6 $19) (19. Rxc8 {simplifies} Rxc8 20. Bxb6 axb6 21. N3d4) 19... Nc4 20. Qd4 (20. Nxa7 $2 Nxd2 21. Nxc8 Nxb3 (21... Nxf1 $2 22. Rc7 $19) 22. axb3 Rxc8 $19) (20. Qb4 $11 axb6 21. N3d4) 20... Qxb5 $17 21. Bxa7 b6 {[%emt 0:00:31][%cal Oc8a8] [#] Hoping for ...Ra8!} (21... Rxe2 22. Qc3 Nd6 (22... Rxb2 23. Qxb2 Nxb2 24. Rxc8+ Ne8 25. Re1 $16) 23. Bc5 Rxg2 24. Kxg2 $15) 22. e4 Ra8 23. exd5 Ne3 24. Rfe1 $2 (24. Qxb6 $17 {might work better.} Qe2 (24... Qxd5 25. Rfe1 $14) 25. Rg1 Nxg2 (25... Nexd5 26. Qf2 $16) (25... Nfxd5 26. Qd4 $15) (25... Qxb2 26. Qa5 $17) 26. Nd4) 24... Nxg2 $19 {[%emt 0:00:47] Excellent horsemanship.} 25. Rxe8+ Nxe8 $2 (25... Qxe8 $19 26. Bxb6 Ne1) 26. Bxb6 Qe2 $2 {[%emt 0:00:23] [#]} (26... Rxa2 $11 27. Nd2 Qe2 (27... Qxb2 28. Qxb2 Rxb2 29. Rc8 $11) (27... Rxb2 28. Rc8 $15)) 27. Qf2 $1 $16 Qxf2 (27... Qb5 $16) 28. Bxf2 $18 Rxa2 $2 (28... Nh4) 29. Kxg2 $2 (29. Rc8 h5 30. d6 (30. Kxg2 Kh7 $18)) 29... Rxb2 $2 (29... f5 30. Bd4 Ra8) 30. Na5 $2 (30. Rc8 $18 {[%cal Rc8e8] and the rest is easy.} Kf8 31. Nd4) 30... Rb5 (30... Rc2 $142 31. Rd1 Nd6) 31. Rc8 $1 $16 Kf8 (31... f6) 32. Bc5+ $18 Kg8 (32... Rxc5 $18 33. Rxc5 Ke7) 33. Rxe8# {[%emt 0:00:08] Weighted Error Value: White=0.65/Black=0.84.  Loses game:     	White=1     	---        Missed win:     	---       	Black=1      Mistake:       	White=3     	Black=8      Inaccurate:     	White=3     	Black=2      OK:         	White=9     	Black=9      Best:        	White=2     	---        Strong:       	White=2     	---} 1-0